 Dungeon Crawl Stone Soup version 0.24-a0-535-gbb0d440638 (webtiles) character file.

Game seed: 5552551730208358439

19293 Norm the Basher (level 12, 0/130 HPs)
             Began as an Ogre Abyssal Knight on Aug 10, 2019.
             Was a High Priest of Lugonu.
             Slain by a water moccasin (5 damage)
             ... on level 3 of the Lair of Beasts.
             The game lasted 01:15:10 (30047 turns).

Norm the Basher (Ogre Abyssal Knight)              Turns: 30047, Time: 01:15:10

Health: 0/130      AC:  6    Str: 24    XL:     12   Next: 67%
Magic:  13/18      EV: 10    Int: 17    God:    Lugonu [*****.]
Gold:   749        SH:  0    Dex:  8    Spells: 15/19 levels left

rFire    . . .     SeeInvis .   a - +2 mace (drain)
rCold    . . .     Gourm    .   (no shield)
rNeg     . . .     Faith    .   p - +0 steam dragon scales
rPois    .         Spirit   .   (helmet restricted)
rElec    .         Reflect  .   (no cloak)
rCorr    .         Harm     .   (gloves unavailable)
MR       +....                  (boots unavailable)
Stlth    +.........             (no amulet)
HPRegen  0.31/turn              B - +5 ring of strength
MPRegen  0.16/turn              F - ring of wizardry

@: no status effects
A: large, unfitting armour, tough skin 1
a: Depart the Abyss, Bend Space, Banish, Corrupt, Enter the Abyss, Renounce
Religion


You were on level 3 of the Lair of Beasts.
You worshipped Lugonu.
Lugonu was extremely pleased with you.
You were not hungry.

You visited 2 branches of the dungeon, and saw 13 of its levels.
You visited the Abyss 1 time.

You collected 749 gold pieces.

Inventory:

Hand Weapons
 a - a +2 mace of draining (weapon)
 b - a +0 fustibalus
 q - the +3 quarterstaff of Mourning {crush, Fragile rF+ Str+6 Int+4}
   (You took it off a centaur on level 6 of the Dungeon)

   It inflicts extra damage upon your enemies.
   It affects your strength (+6).
   It affects your intelligence (+4).
   It protects you from fire.
   It will be destroyed if unequipped.
 t - a +0 flail
 x - a +0 giant spiked club
 H - a +1 whip of venom
Missiles
 e - 627 stones
 k - 42 sling bullets
 s - 188 arrows
 y - 8 curare-tipped darts
 C - 16 poisoned darts (quivered)
 E - 3 large rocks
Armour
 i - a +1 robe
 p - +0 steam dragon scales (worn)
Jewellery
 B - a +5 ring of strength (left hand)
 F - a ring of wizardry (right hand)
 K - an uncursed ring of positive energy
Wands
 r - a wand of paralysis (11)
 v - a wand of clouds (1)
 w - a wand of flame (18)
 G - a wand of acid (5)
 J - a wand of iceblast (15)
Scrolls
 d - 15 scrolls of remove curse
 f - 6 scrolls of teleportation
 g - a scroll of fog
 j - 6 scrolls of enchant armour
 l - 3 scrolls of blinking
 D - 2 scrolls of enchant weapon
 I - a scroll of amnesia
 M - a scroll of identify
 N - a scroll of silence {unknown}
Potions
 h - 2 potions of haste
 m - a potion of lignification {unknown}
 n - 3 potions of might
 o - 2 potions of flight
 u - 3 potions of mutation
 z - 2 potions of agility
 A - a potion of magic
Comestibles
 c - 15 rations
 L - 3 chunks of flesh


   Skills:
 + Level 11.4 Fighting
 - Level 14.0 Maces & Flails
 - Level 2.1 Dodging
 + Level 4.3 Spellcasting
 - Level 5.1 Summonings
 - Level 5.1 Air Magic
 - Level 6.0 Invocations


You had 15 spell levels left.
You knew the following spells:

 Your Spells              Type           Power        Failure   Level  Hunger
a - Summon Lightning Spi  Summ/Air       ###.....     8%          4    ####...

Your spell library contained the following spells:

 Spells                   Type           Power        Failure   Level  Hunger
 Summon Small Mammal      Summ           ###.         1%          1    None
 Call Imp                 Summ           ###.....     1%          2    ##.....
 Call Canine Familiar     Summ           ###.....     2%          3    ###....
 Summon Guardian Golem    Hex/Summ       ##......     6%          3    ###....
 Sublimation of Blood     Necr           #.........   10%         2    ##.....
 Ignite Poison            Fire/Tmut/Pois #.......     19%         3    ###....
 Summon Ice Beast         Ice/Summ       ##......     21%         4    ####...
 Cause Fear               Hex            #.........   50%         4    ####...
 Petrify                  Tmut/Erth      #.......     50%         4    ####...
 Silence                  Hex/Air        ##........   50%         5    ######.
 Alistair's Intoxication  Tmut/Pois      #.......     83%         5    ######.
 Irradiate                Conj/Tmut      #.........   83%         5    ######.
 Yara's Violent Unravell  Hex/Tmut       #.........   83%         5    ######.
 Deflect Missiles         Chrm/Air       ##........   96%         6    #######
 Discord                  Hex            #.........   100%        8    #######


Dungeon Overview and Level Annotations

Branches:
Dungeon (10/15)            Temple (0/1) D:6            Lair (3/6) D:10
  Swamp (0/4) Lair:2        Snake (0/4) Lair:2          Orc (0/2) D:10

Altars:
Cheibriados
Dithmenos
Elyvilon
Fedhas
Gozag
Hepliaklqana
Kikubaaqudgha
Nemelex Xobeh
Qazlal
Ru
Uskayaw
Wu Jian
Yredelemnul
The Shining One

Annotations:
D:3 1 runed translucent door, Crazy Yiuf
D:6 3 runed translucent doors, hitsuchi's ghost, novice DrFE
D:10 exclusion: door


Innate Abilities, Weirdness & Mutations

You are too large for most types of armour.
You have tough skin. (AC +1)


Message History

The wolf is almost dead.
Your surroundings suddenly seem different.
A water moccasin comes into view.
The water moccasin hisses angrily.
An electric eel comes into view.
The electric eel shoots out a bolt of lightning at you!
The bolt of electricity hits you!
* * * LOW HITPOINT WARNING * * *
A water moccasin comes into view.
Found a robe.
The electric eel shoots out a bolt of lightning at you!
The bolt of electricity hits you!
* * * LOW HITPOINT WARNING * * *
Unknown command.
Okay, then.
Press: ? - help, Shift-Dir - straight line, f - water moccasin
Aim: a water moccasin (chance to defeat MR: 84%)
The water moccasin barely resists.
You feel somewhat more hungry. The water moccasin bites you.
You die...

### #.;P≈
###.###.≈≈ #
####[....... ≈≈
.#.......#.##P≈P
...#............
#.............
##..P.........
##.#S........
#..@S......#.
##.##...#...# #.
.......## ##
###..### ..# ###


You could see 2 water moccasins.

Vanquished Creatures
  Harold (D:7)
  A hydra (Lair:2)
  Sonja (Lair:2)
  A deep elf mage (D:10)
  4 ugly things (D:10)
  A centaur zombie (D:9)
  4 spiny frogs
  A rime drake (Lair:2)
  A hornet (D:9)
  A hippogriff (Lair:1)
  2 basilisks
  2 steam dragons
  4 hogs (D:8)
  A human (D:8)
  21 yaks
  Eustachio (D:6)
  Menkaure (D:7)
  Duvessa (D:6)
  A naga (Lair:2)
  3 water moccasins
  7 porcupines
  3 ice beasts
  4 orc warriors
  2 phantoms
  3 sky beasts
  4 black bears
  3 centaurs
  5 ogres
  2 wolves
  7 crocodiles
  9 bullfrogs
  3 big kobolds
  Dowan (D:6)
  2 wyvern skeletons
  2 scorpions
  11 killer bees
  6 wights
  A vampire bat (D:4)
  2 howler monkeys
  4 crimson imps
  2 quasits
  4 hounds
  7 orc priests
  2 centaur skeletons (D:4)
  A jelly (D:10)
  12 orc wizards
  5 bullfrog skeletons
  3 iguanas
  14 worker ants
  A hound zombie (D:5)
  A worker ant zombie (D:7)
  10 adders
  8 gnolls
  4 shadow imps
  2 adder zombies (D:8)
  3 worms
  5 dart slugs
  3 fire bats (D:4)
  5 leopard geckos
  41 orcs
  2 spectral bats (D:4)
  A ball python (D:3)
  3 bat skeletons (D:4)
  A bat zombie (D:4)
  3 giant cockroaches
  9 goblins
  4 hobgoblins
  10 jackals
  3 quokkas
  16 bats
  A bat simulacrum (D:4)
  5 frilled lizards
  22 kobolds
  3 rats (D:1)
350 creatures vanquished.

Vanquished Creatures (collateral kills)
  2 hydras (Lair:2)
  An oklob plant (Lair:2)
  A hippogriff (Lair:2)
  A yak (Lair:2)
  A bullfrog (Lair:2)
  A killer bee (D:5)
7 creatures vanquished.

Vanquished Creatures (others)
  A jelly (D:9)
  2 orcs (D:10)
  3 fungi
  6 plants
12 creatures vanquished.

Grand Total: 369 creatures vanquished

Notes
Turn   | Place    | Note
-------+----------+-------------------------------------------
     0 | Abyss:1  | Norm the Ogre Abyssal Knight began the quest for the Orb.
     0 | Abyss:1  | Reached XP level 1. HP: 24/24 MP: 2/2
    27 | Abyss:1  | Found a corrupted altar of Lugonu.
    35 | Abyss:1  | Found a corrupted altar of Lugonu.
    43 | D:1      | Escaped the Abyss
   106 | D:1      | Reached skill level 2 in Maces & Flails
   183 | D:1      | Reached XP level 2. HP: 24/32 MP: 3/3
  1104 | D:2      | Found a sparkling altar of Nemelex Xobeh.
  1353 | D:2      | Reached ** piety under Lugonu
  1353 | D:2      | Reached XP level 3. HP: 27/39 MP: 4/4
  1608 | D:2      | Found an opulent altar of Gozag.
  2159 | D:3      | Found a runed translucent door.
  2160 | D:3      | Noticed Crazy Yiuf
  2373 | D:2      | Reached skill level 3 in Maces & Flails
  2373 | D:2      | Reached XP level 4. HP: 18/48 MP: 6/6
  2943 | D:3      | Reached XP level 5. HP: 47/54 MP: 7/7
  3073 | D:3      | Found a blossoming altar of Fedhas.
  3123 | D:3      | Reached skill level 4 in Maces & Flails
  4354 | D:3      | Reached XP level 6. HP: 56/62 MP: 7/9
  4895 | D:4      | Reached skill level 5 in Maces & Flails
  5426 | D:4      | Reached *** piety under Lugonu
  5563 | D:4      | Reached XP level 7. HP: 63/70 MP: 10/10
  5911 | D:4      | Reached skill level 5 in Invocations
  6176 | D:4      | Reached skill level 6 in Maces & Flails
  7658 | D:4      | Found a stormy altar of Qazlal.
  7712 | D:5      | Entered Level 5 of the Dungeon
  7860 | D:5      | Found an ornate altar of the Wu Jian Council.
  8249 | D:6      | Reached XP level 8. HP: 5/78 MP: 12/12
  8253 | D:6      | HP: 3/78 [poisoned by a killer bee]
  8260 | D:6      | HP: 2/78 [poisoned by a killer bee]
  8267 | D:6      | HP: 1/78 [poisoned by a killer bee]
  8275 | D:6      | HP: 1/78 [poisoned by a killer bee]
  8683 | D:6      | Found a hide-covered altar of Uskayaw.
  8683 | D:6      | Noticed a +0 hand axe
  8683 | D:6      | Noticed a +0 hand axe
  8858 | D:6      | Identified the +3 quarterstaff of Mourning {crush, Fragile
                  | rF+ Str+6 Int+4}
  8873 | D:6      | Reached skill level 7 in Maces & Flails
  9052 | D:6      | Reached **** piety under Lugonu
  9144 | D:6      | Found a staircase to the Ecumenical Temple.
  9393 | D:6      | Noticed Eustachio
  9419 | D:6      | Killed Eustachio
  9596 | D:6      | Found a runed translucent gate.
  9596 | D:6      | Found a runed translucent gate.
  9596 | D:6      | Found a runed translucent gate.
  9597 | D:6      | Noticed hitsuchi's ghost (novice DrFE)
  9597 | D:6      | Identified the +9 whip of the Heavens {venom, rF+}
  9674 | D:6      | Reached skill level 8 in Maces & Flails
  9748 | D:6      | Noticed Duvessa
  9762 | D:6      | Noticed Dowan
  9765 | D:6      | Killed Duvessa
  9778 | D:6      | HP: 2/78 [Dowan/shard of ice (20)]
  9786 | D:6      | Killed Dowan
 10183 | D:5      | Found a sacrificial altar of Ru.
 10392 | D:5      | Reached skill level 9 in Maces & Flails
 10705 | D:5      | Reached XP level 9. HP: 84/84 MP: 13/13
 11966 | D:7      | Noticed Harold
 12059 | D:6      | Reached skill level 10 in Maces & Flails
 13354 | D:7      | Noticed Menkaure
 13687 | D:7      | Killed Menkaure
 13687 | D:7      | Reached skill level 11 in Maces & Flails
 13935 | D:7      | Killed Harold
 13935 | D:7      | Reached XP level 10. HP: 49/92 MP: 14/14
 14430 | D:7      | Found a snail-covered altar of Cheibriados.
 14430 | D:7      | Found a hazy altar of Hepliaklqana.
 14430 | D:7      | Found a white marble altar of Elyvilon.
 14431 | D:7      | Found an ancient bone altar of Kikubaaqudgha.
 14830 | D:7      | Reached skill level 12 in Maces & Flails
 15421 | D:8      | Found a shadowy altar of Dithmenos.
 16075 | D:8      | Reached ***** piety under Lugonu
 16774 | D:8      | Reached skill level 13 in Maces & Flails
 17354 | D:9      | Paralysed by a hornet for 2 turns
 18302 | D:9      | Reached XP level 11. HP: 86/100 MP: 15/15
 18417 | D:9      | Found a glowing golden altar of the Shining One.
 18421 | D:9      | Noticed an angel
 18428 | D:9      | Found a basalt altar of Yredelemnul.
 18430 | D:9      | Noticed a profane servitor
 18784 | D:9      | Reached skill level 14 in Maces & Flails
 19262 | D:9      | Reached skill level 5 in Fighting
 19723 | D:10     | Entered Level 10 of the Dungeon
 19723 | D:10     | Found a staircase to the Lair.
 22843 | D:10     | Reached skill level 10 in Fighting
 23058 | D:10     | Learned a level 4 spell: Summon Lightning Spire
 23181 | D:10     | Noticed a deep elf mage
 23188 | D:10     | Killed a deep elf mage
 23334 | D:10     | Found a staircase to the Orcish Mines.
 23362 | D:10     | Reached skill level 1 in Summonings
 23362 | D:10     | Reached skill level 1 in Air Magic
 23490 | D:10     | Reached skill level 1 in Spellcasting
 23793 | D:10     | Found a blossoming altar of Fedhas.
 23821 | D:10     | Noticed a cyan ugly thing
 23840 | D:10     | Killed a cyan ugly thing
 24106 | D:10     | Noticed a brown ugly thing
 24153 | D:10     | Killed a brown ugly thing
 24570 | D:10     | Noticed a purple ugly thing
 24580 | D:10     | Killed a purple ugly thing
 24580 | D:10     | Reached XP level 12. HP: 91/128 MP: 16/16
 24806 | D:10     | Noticed a red very ugly thing
 25156 | D:10     | Found an ancient bone altar of Kikubaaqudgha.
 25396 | Lair:1   | Entered Level 1 of the Lair of Beasts
 27576 | Lair:2   | Found a staircase to the Snake Pit.
 27695 | Lair:2   | Noticed an eight-headed hydra
 28074 | Lair:2   | Killed an eight-headed hydra
 28656 | Lair:2   | Noticed an eight-headed hydra
 29170 | Lair:2   | Found a staircase to the Swamp.
 29171 | Lair:2   | Noticed a five-headed hydra
 29189 | Lair:2   | Killed a five-headed hydra
 29903 | Lair:2   | Killed an eight-headed hydra
 29949 | Lair:2   | Noticed Sonja
 29958 | Lair:2   | Killed Sonja
 29958 | Lair:2   | Reached skill level 5 in Summonings
 29958 | Lair:2   | Reached skill level 5 in Air Magic
 30045 | Lair:3   | HP: 5/130 [electric eel/bolt of electricity (11)]
 30047 | Lair:3   | Slain by a water moccasin

Levels and vault maps discovered:
D:1:      psy_arrival_statuary, layout_basic
D:2:      layout_basic, old_standard_altar, nicolae_overflow_hidden_temple
D:3:      layout_loops_ring, overflow_temple_1_default, minmay_misc_feat_square,
          uniq_crazy_yiuf_cottage
D:4:      layout_loops_cross, nicolae_qazlal_eye_of_the_storm, goddamned_bats
D:5:      layout_basic, lemuel_round_altar, first_ration,
          nicolae_ru_sacrificial_ziggurat
D:6:      layout_basic, dancing_weapons_uskayaw, minmay_temple_entry_mini_moons,
          gammafunk_ghost_nasty_kobolds, minmay_unpleasant_kobolds,
          uniq_duvessa, uniq_eustachio
D:7:      layout_rooms, chequers_temple_overflow_statue_of_worship,
          enter_bailey_3, uniq_menkaure, uniq_harold
D:8:      layout_loops_ring, nicolae_dithmenos_shadow_blocks, grunt_livestock,
          minmay_door_square
D:9:      layout_loops_ring, grunt_temple_overflow_holy_war
D:10:     cheibrodos_breeding_chamber, layout_basic, minmay_lair_entry_grove,
          orc_0_dummy, grunt_decor_mini_mirrors, hangedman_feature_mirror,
          nicolae_benzene_ring, bh_chokoban
Lair:1:   layout_chaotic_city
Lair:2:   layout_chaotic_city, minmay_swamp_entry_reptiles,
          guppyfry_snake_entry_garden, infiniplex_staircase_pool_2,
          minmay_lair_oklob_chamber, serial_bayou_shore_b, uniq_sonja
Lair:3:   layout_roguey, beast_lair_carwin_1, lemuel_fruit_tree,
          serial_bayou_shore_a

Skill      XL: |  1  2  3  4  5  6  7  8  9 10 11 12 |
---------------+-------------------------------------+-----
Maces & Flails | 2 3 4 5 6 9 11 13 14 | 14.0
Invocations    | 3 4 5 6 |  6.0
Fighting       | 10 11 | 11.4
Summonings     | 2 5 |  5.1
Air Magic      | 2 5 |  5.1
Spellcasting   | 2 4 |  4.3
Dodging        | |  2.1

Action                   |  1- 3 |  4- 6 |  7- 9 | 10-12 || total
-------------------------+-------+-------+-------+-------++-------
Melee: Mace              |   115 |   193 |   423 |   929 ||  1660
 Fire: Fustibalus        |       |       |    40 |    28 ||    68
Throw: Stone             |       |     2 |     4 |     4 ||    10
       Dart              |       |       |     4 |    15 ||    19
       Throwing net      |       |       |     1 |       ||     1
       Large rock        |       |       |       |    11 ||    11
 Cast: Summon Lightning  |       |       |       |    28 ||    28
Invok: Bend Space        |       |       |       |     5 ||     5
       Banish            |       |       |       |     1 ||     1
Evoke: Wand              |       |       |    10 |    16 ||    26
  Use: Scroll            |     5 |       |    12 |     7 ||    24
       Potion            |       |       |     4 |     3 ||     7
 Stab: Confused          |       |       |     1 |       ||     1
       Paralysed         |       |       |     1 |     6 ||     7
       Held in net/web   |       |       |     1 |       ||     1
       Distracted        |       |       |       |     2 ||     2
  Eat: Chunk             |     1 |     7 |    19 |    38 ||    65
       Ration            |     1 |     1 |     2 |     6 ||    10
Armor: Robe              |    34 |    94 |   155 |   121 ||   404
       Steam dragon scal |       |       |       |    76 ||    76
Dodge: Dodged            |    59 |   129 |   244 |   384 ||   816

Table legend:
 A = Non-vault XP
 B = Vault XP
 C = Vault XP percentage of total XP
 D = Non-vault monster count
 E = Vault monster count
 F = Vault count percentage of total count
                 A         B        C        D         E       F
            +---------+---------+-------+---------+---------+-------
      Total |   17884 |    9678 |  35.1 |     293 |      65 |  18.2
            +---------+---------+-------+---------+---------+-------
        D:1 |      24 |       0 |   0.0 |      14 |       0 |   0.0
        D:2 |     122 |       0 |   0.0 |      16 |       0 |   0.0
        D:3 |     222 |       0 |   0.0 |      29 |       0 |   0.0
        D:4 |     446 |     179 |  28.6 |      22 |      20 |  47.6
        D:5 |     739 |       0 |   0.0 |      22 |       0 |   0.0
        D:6 |    1082 |     434 |  28.6 |      21 |       9 |  30.0
        D:7 |     872 |    1201 |  57.9 |      24 |       6 |  20.0
        D:8 |    1658 |     951 |  36.5 |      30 |       5 |  14.3
        D:9 |    3468 |     774 |  18.2 |      39 |       7 |  15.2
       D:10 |    4678 |    3172 |  40.4 |      52 |      10 |  16.1
     Lair:1 |    2397 |       0 |   0.0 |      13 |       0 |   0.0
     Lair:2 |    2176 |    2967 |  57.7 |      11 |       8 |  42.1
            +---------+---------+-------+---------+---------+-------
